 Dungeon Crawl Stone Soup version 0.25-a0-85-g7617fd2bc2 (webtiles) character file.

Game seed: 2301565764116529461, levelgen mode: deterministic

2 MrRokkomies the Skirmisher (level 1, 0/19 HPs)
             Began as a Ghoul Abyssal Knight on Nov 8, 2019.
             Was an Initiate of Lugonu.
             Slain by a leopard gecko (2 damage)
             ... on level 1 of the Dungeon.
             The game lasted 00:01:24 (239 turns).

MrRokkomies the Skirmisher (Ghoul Abyssal Knight)    Turns: 239, Time: 00:01:25

Health: 0/19       AC:  3    Str: 15    XL:     1   Next: 40%
Magic:  1/1        EV: 11    Int:  7    God:    Lugonu [......]
Gold:   0          SH:  0    Dex:  8    Spells: 0/0 levels left

rFire    . . .     SeeInvis .   a - +1 falchion
rCold    + . .     Gourm    .   (no shield)
rNeg     + + +     Faith    .   b - +0 leather armour
rPois    ∞         Spirit   .   (no helmet)
rElec    .         Reflect  .   (no cloak)
rCorr    .         Harm     .   (no gloves)
MR       .....                  (no boots)
Stlth    +.........             (no amulet)
HPRegen  0.00/turn              (no ring)
MPRegen  0.07/turn              (no ring)

@: rotting
A: rotting body, claws 1, carnivore, cold resistance 1, negative energy
resistance 3, inhibited regeneration, torment resistance, unbreathing
a: Renounce Religion


You were on level 1 of the Dungeon.
You worshipped Lugonu.
Lugonu was noncommittal.
You were not hungry.

You visited 1 branch of the dungeon, and saw 1 of its levels.
You visited the Abyss 1 time.

Inventory:

Hand Weapons
 a - a +1 falchion (weapon)
Armour
 b - a +0 leather armour (worn)
Potions
 d - a potion of might {unknown}
Comestibles
 c - a ration


   Skills:
 * Level 3.3 Fighting
 * Level 1.9 Long Blades
 - Level 1.7 Armour
 - Level 0.8 Dodging
 + Level 2.0 Invocations


You couldn't memorise any spells.
You didn't know any spells.
Your spell library was empty.

Dungeon Overview and Level Annotations

Branches:
Dungeon (1/15)

Altars:


Innate Abilities, Weirdness & Mutations

Your body is rotting away.
You thrive on raw meat.
You are immune to poison.
You have sharp fingernails.
You are carnivorous and can eat meat at any time.
Your flesh is cold resistant. (rC+)
You are immune to negative energy. (rN+++)
You do not regenerate when monsters are visible.
You are immune to unholy pain and torment.
You can survive without breathing.


Message History

You closely miss the goblin. The leopard gecko misses you.
The goblin hits you with a +0 club.
You barely miss the goblin. The leopard gecko bites you.
* * * LOW HITPOINT WARNING * * *
The goblin completely misses you. The leopard gecko closely misses you.
You hit the goblin.
You kill the goblin!
Lugonu accepts your kill. The leopard gecko barely misses you.
The leopard gecko bites you.
* * * LOW HITPOINT WARNING * * *
Things that are here:
a +0 club; a goblin corpse
There is a staircase leading out of the dungeon here.
You barely miss the leopard gecko.
The leopard gecko is lightly wounded.
The leopard gecko bites you.
* * * LOW HITPOINT WARNING * * *
You miss the leopard gecko. The leopard gecko bites you.
You die...

### ....#####
###$......###
...###......##
......###....#
#....)l#...#
###..@..#...#
##....#...#
#....# ..#
.....# ..#
.....#. ##
...###... .###
...# ## .###


You could see a leopard gecko.

Vanquished Creatures
  A goblin (D:1)
  A kobold (D:1)
2 creatures vanquished.

Vanquished Creatures (others)
  2 starspawn tentacles (Abyss:1)
2 creatures vanquished.

Grand Total: 4 creatures vanquished

Notes
Turn   | Place    | Note
-------+----------+-------------------------------------------
     0 | Abyss:1  | MrRokkomies the Ghoul Abyssal Knight began the quest for
                  | the Orb.
     0 | Abyss:1  | Reached XP level 1. HP: 19/19 MP: 1/1
    43 | Abyss:1  | Noticed an earth elemental
   206 | Abyss:1  | Noticed a small abomination
   206 | Abyss:1  | Noticed a tentacled starspawn
   213 | Abyss:1  | Noticed a chaos spawn
   214 | Abyss:1  | Noticed a large abomination
   215 | D:1      | Escaped the Abyss
   239 | D:1      | Slain by a leopard gecko

Levels and vault maps discovered:
D:1:      dpeg_arrival_oval, layout_basic, minmay_worlds_worst_comb

Action                   || total
-------------------------++-------
Melee: Falchion          ||    18
Invok: Depart the Abyss  ||     1
Armor: Leather armour    ||     2
Dodge: Dodged            ||    18
       Rpst.: Falchion   ||     1

Table legend:
 A = Non-vault XP
 B = Vault XP
 C = Vault XP percentage of total XP
 D = Non-vault monster count
 E = Vault monster count
 F = Vault count percentage of total count
                 A         B        C        D         E       F
            +---------+---------+-------+---------+---------+-------
      Total |       4 |       0 |   0.0 |       2 |       0 |   0.0
            +---------+---------+-------+---------+---------+-------
        D:1 |       4 |       0 |   0.0 |       2 |       0 |   0.0
            +---------+---------+-------+---------+---------+-------
